 Dungeon Crawl Stone Soup version 0.21.1-1-g345015fe64 (webtiles) character file.

57 Ethylacetat the Insei (level 3, -3/43 HPs)
             Began as a Demonspawn Chaos Knight on June 12, 2018.
             Slain by Robin
             ... wielding a +5 club
              (6 damage)
             ... on level 2 of the Dungeon.
             The game lasted 00:08:32 (1146 turns).

Ethylacetat the Insei (Demonspawn Chaos Knight)     Turns: 1146, Time: 00:08:32

Health: -3/43      AC: 21    Str: 12    XL:     3   Next: 73%
Magic:  12/12      EV:  2    Int: 18    God:    Xom [..*...]
Gold:   70         SH:  0    Dex: 13    Spells: 2/2 levels left

rFire    . . .     SeeInvis .     - Unarmed
rCold    . . .     Gourm    .   (no shield)
rNeg     + + +     Faith    .   (armour currently unavailable)
rPois    +         Spirit   .   (helmet currently unavailable)
rElec    .         Reflect  .   (cloak currently unavailable)
rCorr    .         Harm     .   (gloves currently unavailable)
MR       .....     NoTele   +   (boots currently unavailable)
Stlth    +.........             (no amulet)
HPRegen  0.14/turn              f - ring of magical power
MPRegen  0.13/turn              (no ring)

@: brilliant, tree-form
A: no striking features
a: Renounce Religion


You were on level 2 of the Dungeon.
You worshipped Xom.
You were a toy of Xom.
You were not hungry.
You were a tree.
You visited 1 branch of the dungeon, and saw 2 of its levels.

You collected 70 gold pieces.

Inventory:

Armour
 a - a +2 leather armour (melded)
 n - a +0 robe
Jewellery
 f - a ring of magical power (left branch)
Wands
 m - a wand of iceblast (6)
Scrolls
 c - a scroll of noise {unknown}
 e - a scroll of enchant weapon {unknown}
 g - a scroll of random uselessness {unknown}
 h - a scroll of identify {unknown}
 i - a scroll of fog {unknown}
 k - 2 scrolls of teleportation {unknown}
 l - a scroll of remove curse {unknown}
Potions
 d - a potion of lignification
Comestibles
 b - a ration


   Skills:
 + Level 3.5 Fighting
 - Level 2.0 Armour
 - Level 1.0 Dodging
 * Level 3.7 Unarmed Combat


You had 2 spell levels left.
You didn't know any spells.

Dungeon Overview and Level Annotations

Branches:
Dungeon (2/15)

Altars:

Annotations:
D:2 Robin


Innate Abilities, Weirdness & Mutations

((You have sharp fingernails.))


Message History

You barely miss the giant cockroach. The goblin hits you but does no damage.
The giant cockroach bites you but does no damage.
You hit the giant cockroach but do no damage.
The giant cockroach bites you but does no damage.
The goblin hits you but does no damage.
You hit the giant cockroach.
You kill the giant cockroach!
The goblin hits you but does no damage.
You smack Robin!
Robin is heavily wounded.
Robin says, "Bow before me, strongest of all the hobgoblins!"
Robin hits you but does no damage. The goblin hits you but does no damage.
You hit Robin.
Robin is almost dead.
The goblin no longer looks unusually strong.
The goblin hits you but does no damage. Robin hits you but does no damage.
You closely miss Robin.
Robin is almost dead.
The goblin hits you but does no damage. Robin hits you with an enchanted club.
You die...

+..g))).................#
#...##.†................#
#... #.......#####......#
#$.. #.......# #....#+#.#
#... #.......###.##.#.#.#
#... #g.w......#.##.#.#.#
.... #.#g###.#.#.##.#.#.#
..... #.#g#
#.#.#.#....... #g#♣#
#.#........### #.#g#
#.#.####.#.# #..g# #.#.#
##### ##### ..#.# .##.# .
#.# #.# ..# ###


You could see a worm, Robin and 3 goblins.

Vanquished Creatures
  An adder (D:2)
  A worm (D:2)
  3 dart slugs
  3 giant cockroaches
  6 goblins
  6 hobgoblins
  5 kobolds
  5 bats
  4 frilled lizards
  5 rats
39 creatures vanquished.

Notes
Turn   | Place    | Note
-------+----------+-------------------------------------------
     0 | D:1      | Ethylacetat the Demonspawn Chaos Knight began the quest for the Orb.
     0 | D:1      | Reached XP level 1. HP: 18/18 MP: 1/1
   132 | D:1      | Gained mutation: You have sharp fingernails. [demonic ancestry]
   132 | D:1      | Reached XP level 2. HP: 13/24 MP: 2/2
   156 | D:1      | Reached skill level 1 in Dodging
   279 | D:1      | XOM: cast spell 'Leda's Liquefaction'
   684 | D:2      | XOM: cloud trail
   694 | D:2      | Reached XP level 3. HP: 5/29 MP: 3/3
   720 | D:2      | XOM: god gift: robe {god gift}
  1106 | D:2      | Noticed Robin
  1128 | D:2      | HP: 1/29 [goblin/dagger[Robin] (6)]
  1139 | D:2      | HP: 2/43 [giant cockroach (1)]
  1146 | D:2      | Slain by Robin

Skill      XL: |  1  2 |
---------------+-------+-----
Armour         | 2 |  2.0
Unarmed Combat | 3 |  3.7
Dodging        | 1 |  1.0
Fighting       | |  3.5

Action                   || total
-------------------------++-------
Melee: Unarmed           ||   147
       Punch             ||     2
  Use: Potion            ||     2
 Stab: Sleeping          ||     1
  Eat: Chunk             ||     1
Armor: Leather armour    ||    45
       Skin              ||    12
Dodge: Dodged            ||    70
